 Dungeon Crawl Stone Soup version 0.27-a0-1099-g7f87ac42b0 (console) character file.

Game seed: 968821264699716767

592 Morrissey the Covert (level 7, -1/44 HPs)
             Began as a Kobold Delver on Apr 28, 2021.
             Was an Initiate of Okawaru.
             Slain by Pikel
             ... wielding a +2 whip of flaming
              (6 damage)
             ... on level 4 of the Dungeon.
             The game lasted 00:08:53 (4416 turns).

Morrissey the Covert (Kobold Delver)                Turns: 4416, Time: 00:08:53

Health: -1/44      AC:  6    Str: 11    XL:     7   Next: 66%
Magic:  7/7        EV: 16    Int: 11    God:    Okawaru [......]
Gold:   277        SH:  0    Dex: 19    Spells: 6/6 levels left

rFire    . . .     SeeInvis .   a - +0 short sword
rCold    . . .     Faith    .   (shield restricted)
rNeg     . . .     Spirit   .   b - +0 leather armour
rPois    .         Reflect  .   (helmet restricted)
rElec    .         Harm     .   p - +2 cloak
rCorr    .         Rampage  .   (no gloves)
Will     .....                  (no boots)
Stlth    +++++.....             (no amulet)
HPRegen  0.14/turn              (no ring)
MPRegen  0.10/turn              (no ring)

@: no status effects
A: small, no large weapons, nightstalker 3, horns 1, strong 1
a: Renounce Religion


You were on level 4 of the Dungeon.
You worshipped Okawaru.
Okawaru was noncommittal.
You visited 2 branches of the dungeon, and saw 6 of its levels.

You collected 277 gold pieces.

Inventory:

Hand Weapons
 a - a +0 short sword (weapon)
Armour
 b - a +0 leather armour (worn)
 p - a +2 cloak (worn)
Wands
 g - a wand of digging (3)
 r - a wand of polymorph (8)
Scrolls
 c - a scroll of fog
 d - 2 scrolls of magic mapping
 j - a scroll of immolation {unknown}
 k - 3 scrolls of teleportation {unknown}
 l - a scroll of noise {unknown}
 m - 2 scrolls of identify {unknown}
 o - a scroll of amnesia {unknown}
Potions
 e - a potion of heal wounds {unknown}
 f - a potion of mutation
 h - a potion of curing {unknown}
 i - a potion of attraction {unknown}
 n - 3 potions of lignification {unknown}
 q - a potion of degeneration {unknown}
 s - a potion of haste


   Skills:
 * Level 5.5 Fighting
 * Level 5.9 Short Blades
 + Level 4.2 Dodging
 * Level 8.8 Stealth


You had 6 spell levels left.
You didn't know any spells.
Your spell library was empty.

Dungeon Overview and Level Annotations

Branches:
Dungeon (5/15)             Temple (1/1) D:5

Altars:
Ashenzari
Cheibriados
Dithmenos
Fedhas
Gozag
Hepliaklqana
Kikubaaqudgha
Nemelex Xobeh
Okawaru
Qazlal
Ru
Trog
Uskayaw
Vehumet
Wu Jian
Xom
Yredelemnul
The Shining One

Annotations:
D:4 Pikel


Innate Abilities, Weirdness & Mutations

You are small and have problems with some larger weapons.
You are completely attuned to the shadows.
You have a pair of small horns on your head.
Your muscles are strong. (Str +2)


Message History

The lemure is moderately wounded.
The lemure closely misses you.
You hit the lemure.
The lemure is heavily wounded.
The lemure closely misses you.
You barely miss the lemure.
The lemure is heavily wounded.
You barely miss the lemure.
The lemure is heavily wounded.
The lemure closely misses you.
You hit the lemure but do no damage.
The lemure is heavily wounded.
The lemure hits you but does no damage.
You hit the lemure but do no damage.
The lemure is heavily wounded.
The lemure closely misses you. The lemure completely misses you.
Pikel shouts!
You hit Pikel.
Pikel is lightly wounded.
You hear a shout!
Pikel hits you with a +2 whip of flaming.
Pikel burns you. The lemure misses you.
You hit Pikel but do no damage.
Pikel is lightly wounded.
Pikel hits you with a +2 whip of flaming!
Pikel burns you.
Pikel hits you with a +2 whip of flaming!
* * * LOW HITPOINT WARNING * * *
Pikel burns you.
* * * LOW HITPOINT WARNING * * *
Pikel hits you with a +2 whip of flaming!
* * * LOW HITPOINT WARNING * * *
Pikel burns you.
* * * LOW HITPOINT WARNING * * *
Okay, then.
It was a potion of mutation.
You feel extremely strange. A pair of horns grows on your head!
You feel stronger.
Pikel hits you with a +2 whip of flaming.
You die...

§8.8§##..###...# #.##
†._§.≈'..###...####..#
§8§8≈.#..##.....##...#
≈§§§≈≈#..........#...######
#≈§§##......###....#......#
#####..........#.###......#
...##.#..#.#....###.......#
......#..#####..5###....###
................@..#......#
........##......#K5......##
........##.....##5.#.....##
...............###........#
.........#.......##......##
.........#............####
..................##..#
.......†...........#..####
.................).......#


You could see Pikel and 3 lemures.

Vanquished Creatures
  A water moccasin (D:5)
  A black bear (D:4)
  An ogre (D:4)
  A necrophage (D:4)
  2 hounds
  Jessica (D:2)
  An orc wizard (D:5)
  5 adders
  An ufetubus (D:5)
  2 dart slugs (D:2)
  An orc (D:4)
  5 ball pythons
  7 bats
  9 endoplasms
  6 giant cockroaches (D:2)
  3 goblins
  4 hobgoblins
  3 quokkas
  5 frilled lizards
  4 kobolds
  11 rats
74 creatures vanquished.

Notes
Turn   | Place    | Note
-------+----------+-------------------------------------------
     0 | D:5      | Morrissey the Kobold Delver began the quest for the Orb.
     0 | D:5      | Reached XP level 1. HP: 14/14 MP: 1/1
    13 | D:5      | Noticed a water moccasin
    14 | D:5      | Killed a water moccasin
    15 | D:5      | Reached skill level 7 in Stealth
    15 | D:5      | Reached XP level 2. HP: 20/20 MP: 2/2
    15 | D:5      | Reached XP level 3. HP: 24/24 MP: 3/3
    15 | D:5      | Reached XP level 4. HP: 29/29 MP: 4/4
    15 | D:5      | Reached XP level 5. HP: 33/33 MP: 5/5
   209 | D:5      | Found a staircase to the Ecumenical Temple.
   213 | Temple   | Entered the Ecumenical Temple
   673 | Temple   | Became a worshipper of Warmaster Okawaru
   726 | D:4      | Found a hide-covered altar of Uskayaw.
   726 | D:4      | Found a hazy altar of Hepliaklqana.
  1946 | D:1      | Found a faded altar of an unknown god.
  2017 | D:1      | Reached XP level 6. HP: 39/39 MP: 6/6
  2828 | D:2      | Reached skill level 8 in Stealth
  3260 | D:2      | Noticed Jessica
  3268 | D:2      | Killed Jessica
  3406 | D:2      | Found a bloodstained altar of Trog.
  3743 | D:3      | Reached skill level 5 in Short Blades
  4070 | D:3      | You fall into a shaft and drop 1 floor!
  4080 | D:4      | Found a glowing golden altar of the Shining One.
  4138 | D:4      | Reached skill level 5 in Fighting
  4184 | D:4      | Noticed a black bear
  4187 | D:4      | Killed a black bear
  4188 | D:4      | Reached XP level 7. HP: 44/44 MP: 7/7
  4343 | D:4      | Noticed Pikel
  4416 | D:4      | Gained mutation: You have a pair of small horns on your
                  | head. [potion of mutation]
  4416 | D:4      | Gained mutation: Your muscles are strong. (Str +2) [potion
                  | of mutation]
  4416 | D:4      | Slain by Pikel

Illustrated notes

Levels and vault maps discovered:
D:1:      erik_arrival_cave_to_civilisation [erik_arrival_cave_to_hall],
          layout_rooms, chequers_ecumenical_altar_twisty,
          minmay_misc_feat_pillars
D:2:      layout_loops_corners, basic_altar, minmay_worlds_worst_comb,
          uniq_jessica
D:3:      layout_basic, minmay_door_square, st_stairs_7
D:4:      layout_cave_pools, nicolae_overflow_hidden_temple, kennysheep_doodads,
          ebering_dispersal_statue_hall, kennysheep_small_circle, uniq_pikel
D:5:      layout_cave_pools, temple_statues, serial_co_window_serial,
          co_window_corner_a, co_window_paths_a, co_window_paths_a,
          co_window_paths_a, co_window_paths_a, co_window_corner_b,
          co_window_of_opportunity_b, co_window_2corner, glass_columns_b,
          glass_columns_b, glass_columns_b, glass_columns_b, glass_columns_c,
          gammafunk_ghost_smash, minivault_23
Temple:   nicolae_temple_elliptical

Skill      XL: |  1  2  3  4  5  6 |
---------------+-------------------+-----
Fighting       | 4 5 |  5.5
Short Blades   | 4 5 |  5.9
Dodging        | 3 4 |  4.2
Stealth        | 7 8 |  8.8

Action                   |  1- 3 |  4- 6 |  7- 9 || total
-------------------------+-------+-------+-------++-------
Melee: Short sword       |     1 |   228 |    27 ||   256
  Use: Potion            |       |     1 |     1 ||     2
       Scroll            |       |     1 |       ||     1
 Stab: Sleeping          |     1 |    42 |     5 ||    48
Armor: Leather armour    |       |    35 |     1 ||    36
Dodge: Dodged            |       |   128 |    17 ||   145

Table legend: (Time is in decaauts)
 A = Elapsed time spent in this place.
 B = Non-inter-level travel time spent in this place.
 C = Inter-level travel time spent in this place.
 D = Time resting spent in this place.
 E = Time spent auto-exploring this place.
 F = Levels seen in this place.
 G = Mean time per level.
                   A        B        C        D        E       F      G
               +--------+--------+--------+--------+--------+-----+--------+
         Total |   4368 |   4229 |    139 |    735 |   2525 |   6 |  728.0 |
       Dungeon |   3876 |   3780 |     96 |    735 |   2079 |   5 |  775.2 |
        Temple |    492 |    449 |     43 |      0 |    446 |   1 |  492.0 |
               +--------+--------+--------+--------+--------+-----+--------+

Top non-repeatable levels by time:
     D:2: 1715 daAuts
     D:1: 895 daAuts
     D:4: 580 daAuts
  Temple: 492 daAuts
     D:3: 421 daAuts
     D:5: 263 daAuts
